 Dungeon Crawl Stone Soup version 0.27.1-2-g3b301248ec (webtiles) character file.

Game seed: 9042093614451751782

3598 speeev33 the Fighter (level 10, -5/65 HPs)
             Began as a Gargoyle Fighter on Oct 1, 2021.
             Was an Initiate of Okawaru.
             Slain by an orc knight (19 damage)
             ... in a bailey.
             The game lasted 00:17:11 (9823 turns).

speeev33 the Fighter (Gargoyle Fighter)             Turns: 9823, Time: 00:17:12

Health: -5/65      AC: 25    Str: 23    XL:     10   Next: 10%
Magic:  10/10      EV:  5    Int:  9    God:    Okawaru [......]
Gold:   801        SH: 11    Dex:  9    Spells: 9/9 levels left

rFire    + . .     SeeInvis .   o - +6 war axe "Nokkupoe" {freeze, *Corrode rPois rN+}
rCold    . . .     Faith    .   c - +0 kite shield
rNeg     + + .     Spirit   .   t - +0 plate armour
rPois    ∞         Reflect  .   k - +0 helmet
rElec    +         Harm     .   l - +0 cloak
rCorr    .         Rampage  .   x - +0 pair of gloves
Will     .....                  (no boots)
Stlth    ..........             (no amulet)
HPRegen  0.20/turn              f - ring of protection from fire
MPRegen  0.12/turn              (no ring)

@: marked
A: sickness immunity, AC +7, negative energy resistance 1, electricity
resistance, torment resistance 1, petrification resistance
a: Renounce Religion


You were in a bailey.
You worshipped Okawaru.
Okawaru was noncommittal.
You visited 2 branches of the dungeon, and saw 9 of its levels.
You also visited: Bailey.

You collected 801 gold pieces.

Inventory:

Hand Weapons
 a - a +0 flail
 o - the +6 war axe "Nokkupoe" (weapon) {freeze, *Corrode rPois rN+}
   (You found it on level 5 of the Dungeon)

   It freezes those it strikes, dealing additional cold damage.
   It can also slow down cold-blooded creatures.
   rPois:     It protects you from poison.
   rN:        It protects you from negative energy.
   *Corrode:  It may corrode you when you take damage.
Missiles
 u - a throwing net (quivered)
Armour
 c - a +0 kite shield (worn)
 k - a +0 helmet (worn)
 l - a +0 cloak (worn)
 t - a +0 plate armour (worn)
 x - a +0 pair of gloves (worn)
Jewellery
 d - an amulet of faith
 f - a ring of protection from fire (left hand)
Wands
 b - a wand of acid (4)
 e - a wand of iceblast (11)
 m - a wand of digging (9)
Scrolls
 h - 8 scrolls of teleportation
 q - a scroll of enchant armour
 r - a scroll of fear
 v - a scroll of immolation {unknown}
 y - a scroll of holy word
Potions
 g - a potion of brilliance
 i - 5 potions of heal wounds
 j - 2 potions of mutation
 n - 2 potions of curing
 p - a potion of cancellation {unknown}
 s - a potion of lignification {unknown}
 w - 2 potions of ambrosia {unknown}
 z - a potion of berserk rage {unknown}
 A - 2 potions of flight


   Skills:
 + Level 8.5 Fighting
 + Level 3.4(5.0) Axes
 - Level 6.1(6.6) Maces & Flails
 + Level 8.4 Armour
 + Level 8.5 Shields


You had 9 spell levels left.
You didn't know any spells.
Your spell library contained the following spells:

 Spells                   Type           Power      Damage    Failure   Level
 Animate Skeleton         Necr           0%         N/A       100%        1
 Apportation              Tloc           0%         N/A       100%        1
 Corona                   Hex            0%         N/A       100%        1
 Summon Small Mammal      Summ           0%         N/A       100%        1
 Static Discharge         Conj/Air       0%         N/A       100%        2
 Gell's Gravitas          Tloc           0%         N/A       100%        3
 Lesser Beckoning         Tloc           0%         N/A       100%        3
 Ozocubu's Armour         Ice            0%         N/A       100%        3
 Teleport Other           Tloc           0%         N/A       100%        3
 Cause Fear               Hex            0%         N/A       100%        4
 Dispel Undead            Necr           0%         3d6       100%        4
 Sticky Flame             Conj/Fire      0%         2d3       100%        4
 Dragon Form              Tmut           0%         N/A       100%        7
 Ozocubu's Refrigeration  Ice            0%         4d5       100%        7
 Dragon's Call            Summ           0%         N/A       100%        9


Dungeon Overview and Level Annotations

Branches:
Dungeon (8/15)             Temple (1/1) D:7          Bailey (1/1)
   Lair: D:8-11

Altars:
Ashenzari
Dithmenos
Fedhas
Gozag
Kikubaaqudgha
Nemelex Xobeh
Okawaru
Sif Muna
Trog
Vehumet
Wu Jian
Xom
Yredelemnul
Zin

Shops:
D:5 [

Annotations:
D:4 3 runed translucent doors, NFM's ghost, amateur HOFi


Innate Abilities, Weirdness & Mutations

You are immune to sickness and miasma.
Your stone body is resilient. (AC +7)
You are immune to poison.
You resist negative energy. (rN+)
You are resistant to electric shocks. (rElec)
You are resistant to unholy torment.
You are immune to petrification.


Message History

The orc knight hits you but does no damage.
The orc knight hits you with a +0 war axe.
The orc knight roars a battlecry!
The orcs go into a battle-frenzy!
There is an open door here.
Things that are here:
a +0 hand axe; a +0 leather armour
Things that are here:
a +0 hand axe; a +0 leather armour; a hobgoblin corpse The orc warrior hits you but does no damage.
The orc knight hits you with a +0 war axe!
Okay, then.
You slash the orc knight! You freeze the orc knight.
The orc knight is moderately wounded.
The orc knight hits you with a +0 war axe!
You closely miss the orc knight.
The orc knight is moderately wounded.
The orc knight roars a battlecry!
The orc knight goes into a battle-frenzy!
You slash the orc knight! You freeze the orc knight.
The orc knight is heavily wounded.
You block the orc knight's attack.
The orc knight hits you with a +0 war axe!
You hit the orc knight but do no damage.
The orc knight is heavily wounded.
The orc knight hits you with a +0 war axe!!
* * * LOW HITPOINT WARNING * * *
You closely miss the orc knight.
The orc knight is heavily wounded.
The orc warrior no longer looks unusually strong.
The orc knight hits you but does no damage.
The orc knight roars a battlecry!
The orcs go into a battle-frenzy!
You hit the orc knight but do no damage.
The orc knight is heavily wounded.
You block the orc knight's attack. x2
You hit the orc knight but do no damage.
The orc knight is moderately wounded.
The orc knight hits you with a +0 war axe!!
You die...

≈≈≈≈≈≈####.g.oo..####.≈≈≈≈≈≈≈≈≈≈#
≈≈≈≈..#..####'####..#......≈≈≈≈≈≈
≈≈≈.###...o .Ko.....###......#≈≈≈
≈≈((# '..####'####K.'(#.....#####
....# #..# #..###.......## #..(#
#..# #..#....⌠.....# ##..######
##K#.........##
#.......#########oo(((......##
##.......)))...@ooo......####
###########.#############
##...###..#..# #∩.##...##..##
#############


You could see 2 orc knights, 2 orc warriors, an orc (strong) and a kobold.

Vanquished Creatures
  Joseph (D:7)
  Maggie (D:8)
  4 yaks
  Menkaure (D:5)
  2 water moccasins (D:7)
  A hornet zombie (D:8)
  3 black bears
  An orc warrior (D:7)
  A sky beast (D:7)
  2 ogres (D:5)
  5 centaurs
  A necrophage (D:8)
  A phantom (D:7)
  A wyvern skeleton (D:6)
  A centaur zombie (D:5)
  A jelly (D:6)
  2 gnoll shamans
  A bullfrog skeleton (D:6)
  2 iguanas
  Natasha (thrice) (D:2)
  5 orc wizards (D:7)
  Robin (D:3)
  9 adders
  18 gnolls
  3 worms
  3 dart slugs
  16 orcs
  5 endoplasms
  3 giant cockroaches
  14 hobgoblins
  9 jackals
  2 quokkas (D:2)
  6 ball pythons
  3 bats
  A frilled lizard (D:1)
  20 goblins
  16 kobolds
  8 rats
177 creatures vanquished.

Notes
Turn   | Place    | Note
-------+----------+-------------------------------------------
     0 | D:1      | speeev33 the Gargoyle Fighter began the quest for the Orb.
     0 | D:1      | Reached XP level 1. HP: 14/14 MP: 1/1
    65 | D:1      | Reached XP level 2. HP: 18/19 MP: 2/2
   424 | D:1      | Reached XP level 3. HP: 23/23 MP: 3/3
   929 | D:2      | Reached XP level 4. HP: 29/29 MP: 4/4
  1557 | D:2      | Noticed Natasha
  1565 | D:2      | Killed Natasha
  1566 | D:2      | Reached XP level 5. HP: 25/33 MP: 5/5
  2367 | D:2      | Noticed Natasha
  2374 | D:2      | Killed Natasha
  2406 | D:2      | Noticed Natasha
  2414 | D:2      | Killed Natasha
  2806 | D:3      | Found a faded altar of an unknown god.
  2864 | D:2      | Reached XP level 6. HP: 32/39 MP: 6/6
  3159 | D:3      | Noticed Robin
  3485 | D:3      | Killed Robin
  3832 | D:4      | Noticed a black bear
  3859 | D:4      | Killed a black bear
  3872 | D:4      | Reached skill level 5 in Fighting
  3872 | D:4      | Reached skill level 5 in Shields
  4192 | D:4      | Found a runed translucent gate.
  4193 | D:4      | Found a runed translucent gate.
  4193 | D:4      | Found a runed translucent gate.
  4195 | D:4      | Noticed NFM's ghost (amateur HOFi)
  4330 | D:4      | Found an ornate altar of the Wu Jian Council.
  4953 | D:5      | Entered Level 5 of the Dungeon
  4984 | D:5      | Found a broken altar of Ashenzari.
  5008 | D:5      | Noticed a yak
  5009 | D:5      | Noticed a yak
  5009 | D:5      | Noticed a yak
  5009 | D:5      | Noticed a yak
  5020 | D:5      | Found Zuaxai's Antique Armour Shop.
  5034 | D:5      | Killed a yak
  5035 | D:5      | Reached skill level 5 in Armour
  5035 | D:5      | Reached XP level 7. HP: 23/44 MP: 7/7
  5056 | D:4      | Killed a yak
  5319 | D:5      | Noticed Menkaure
  5518 | D:5      | Killed Menkaure
  5734 | D:5      | Reached XP level 8. HP: 8/51 MP: 8/8
  6011 | D:5      | Found a bloodstained altar of Trog.
  6074 | D:5      | Killed a yak
  6075 | D:5      | Reached skill level 5 in Maces & Flails
  6086 | D:5      | Killed a yak
  6480 | D:5      | Found a sparkling altar of Nemelex Xobeh.
  6587 | D:5      | Identified the +6 war axe "Nokkupoe" {freeze, *Corrode
                  | rPois rN+}
  7010 | D:6      | Found a basalt altar of Yredelemnul.
  7195 | D:6      | Reached XP level 9. HP: 54/56 MP: 9/9
  7871 | D:6      | Found a blossoming altar of Fedhas.
  7875 | D:6      | Found a glowing silver altar of Zin.
  7875 | D:6      | Found an ancient bone altar of Kikubaaqudgha.
  8207 | D:7      | Found a shimmering blue altar of Sif Muna.
  8365 | D:7      | Reached skill level 1 in Axes
  8712 | D:7      | Found a staircase to the Ecumenical Temple.
  8805 | D:7      | Noticed Joseph
  8817 | D:7      | Killed Joseph
  9022 | Temple   | Entered the Ecumenical Temple
  9035 | Temple   | Became a worshipper of Warmaster Okawaru
  9389 | D:8      | Reached XP level 10. HP: 55/64 MP: 10/10
  9405 | D:8      | Noticed Maggie
  9425 | D:8      | Killed Maggie
  9606 | D:8      | Found a flagged portal.
  9618 | Bailey   | Entered a bailey
  9631 | Bailey   | Noticed an orc knight
  9664 | Bailey   | Noticed an orc knight
  9823 | Bailey   | Slain by an orc knight

Illustrated notes

Levels and vault maps discovered:
D:1:      dpeg_arrival_ternary, layout_rooms
D:2:      layout_loops_ring, grunt_ministairs_14, kennysheep_generic_room_13,
          uniq_natasha
D:3:      layout_rooms, ebering_ecumenical_altar_webs, uniq_robin
D:4:      layout_basic, nzn_wu_jian_contemplation, ebering_ghost_rock_garden
D:5:      layout_cave_pools, nicolae_ashenzari_panopticon,
          mainiacjoe_overflow_chevrons, general_overflow_altar, serial_shops,
          nicolae_square_shop, uniq_menkaure
D:6:      layout_basic, grunt_temple_overflow_open
D:7:      layout_loops_ring, kennysheep_orc_sif_temple,
          minmay_temple_entry_poolview, uniq_joseph
D:8:      layout_cave_pods, elyvilon_altar_1, lemuel_doored_altar,
          enter_bailey_4, chequers_hall_statues_wall_a, minmay_bent, uniq_maggie
Temple:   zaba_magenta_temple
Bailey:   bailey_axe_4, bailey

Skill      XL: |  1  2  3  4  5  6  7  8  9 |
---------------+----------------------------+-----
Fighting       | 4 5 6 8 |  8.5
Shields        | 4 5 6 8 |  8.5
Armour         | 4 5 6 8 |  8.4
Maces & Flails | 3 4 5 6 |  6.1
Axes           | 3 |  3.4

Action                   |  1- 3 |  4- 6 |  7- 9 | 10-12 || total
-------------------------+-------+-------+-------+-------++-------
Melee: Flail             |    86 |   277 |   106 |       ||   469
       War axe           |       |       |   136 |    46 ||   182
Throw: Throwing net      |       |       |       |     1 ||     1
  Use: Scroll            |     3 |     4 |     4 |       ||    11
       Potion            |       |     1 |     1 |     1 ||     3
Armor: Scale mail        |    61 |   158 |    89 |       ||   308
       Plate armour      |       |       |    72 |    45 ||   117
Dodge: Dodged            |    25 |    91 |    75 |     9 ||   200
Block: Kite shield       |    57 |   170 |   178 |    49 ||   454
